 Seeded DCSS version 0.28.0-53-g5a82cb258f (webtiles) character file.

Game seed: 4266793832307495423 (custom seed)

19639 Kranky the Warrior (level 12, -2/124 HPs)
             Began as a Minotaur Berserker on July 2, 2022.
             Was a High Priest of Trog.
             Slain by a cyclops (18 damage)
             ... on level 2 of the Orcish Mines.
             The game lasted 00:29:44 (18069 turns).

Kranky the Warrior (Minotaur Berserker)            Turns: 18069, Time: 00:29:44

Health: -2/124     AC: 16    Str: 27    XL:     12   Next: 38%
Magic:  11/11      EV: 11    Int:  4    God:    Trog [*****.]
Gold:   844        SH:  5    Dex: 10    Spells: 11/11 levels left

rFire   . . .      SeeInvis .   y - +2 dagger (venom)
rCold   + + .      Faith    .   l - +0 buckler
rNeg    . . .      Spirit   .   h - +7 Kryia's mail coat {PotionHeal*2 rC+}
rPois   .          Reflect  .   (helmet restricted)
rElec   .          Harm     .   (no cloak)
rCorr   .          Rampage  .   n - +0 pair of gloves
Will    +....                   (no boots)
Stlth   ..........              (no amulet)
HPRegen 0.30/turn               B - ring of protection from cold
MPRegen 0.12/turn               J - ring of willpower

@: studying Crossbows
A: horns 2, retaliatory headbutt
a: Renounce Religion, Berserk, Trog's Hand, Brothers in Arms


You were on level 2 of the Orcish Mines.
You worshipped Trog.
Trog was extremely pleased with you.
You visited 3 branches of the dungeon, and saw 15 of its levels.
You also visited: Ossuary.

You collected 844 gold pieces.

Inventory:

Hand Weapons
 a - a +0 spear
 b - a +2 vorpal hand axe
 v - a +0 vorpal spear
 y - a +2 dagger of venom (weapon)
 G - a +4 short sword of freezing
Missiles
 z - 5 poisoned darts (quivered)
 I - a throwing net
Armour
 h - the +7 Kryia's mail coat (worn) {PotionHeal*2 rC+}
   (You found it on level 2 of the Dungeon)

   Potions are twice as effective at healing its wearer.
   rC:        It protects you from cold.
 l - a +0 buckler (worn)
 n - a +0 pair of gloves (worn)
Jewellery
 B - a ring of protection from cold (left hand)
 J - a ring of willpower (right hand)
Wands
 x - a wand of iceblast (11)
 E - a wand of flame (16)
Scrolls
 f - 5 scrolls of teleportation {unknown}
 i - a scroll of brand weapon {unknown}
 k - 7 scrolls of identify {unknown}
 m - 4 scrolls of vulnerability {unknown}
 p - 2 scrolls of fear {unknown}
 t - a scroll of fog {unknown}
 A - a scroll of enchant armour {unknown}
 D - a scroll of amnesia {unknown}
 F - 3 scrolls of blinking {unknown}
Potions
 c - 2 potions of berserk rage {unknown}
 d - 2 potions of cancellation {unknown}
 e - 4 potions of brilliance {unknown}
 g - 2 potions of attraction {unknown}
 j - 2 potions of lignification {unknown}
 o - 12 potions of curing
 q - 4 potions of haste {unknown}
 r - 2 potions of mutation {unknown}
 s - 5 potions of heal wounds {unknown}
 u - a potion of might {unknown}
 w - 4 potions of magic {unknown}
 C - a potion of invisibility {unknown}
 H - a potion of flight {unknown}
Miscellaneous
 K - a condenser vane


   Skills:
 + Level 16.7 Fighting
 - Level 6.6 Short Blades
 - Level 3.6 Polearms
 + Level 5.0 Throwing
 - Level 8.0 Armour
 - Level 6.0 Dodging
 - Level 8.0 Shields
 * Level 7.1 Evocations


You had 11 spell levels left.
You didn't know any spells.
Your spell library was empty.

Dungeon Overview and Level Annotations

Branches:
Dungeon (12/15)            Temple (0/1) D:7            Lair (1/6) D:10
    Orc (2/2) D:11        Ossuary (visited)
    Elf: Orc:2

Altars:
Ashenzari
Elyvilon
Gozag
Hepliaklqana
Kikubaaqudgha
Okawaru
Sif Muna
Trog
Vehumet
Wu Jian
Xom
Zin
The Shining One
Beogh

Shops:
D:2 ?   D:3 (

Annotations:
D:9 2 transporters, exclusions: ice statue and oklob plant, KittyFluff's ghost, novice GrBe


Innate Abilities, Weirdness & Mutations

You have a pair of horns on your head.
You reflexively headbutt those who attack you in melee.


Message History

The deep troll looks as sick as possible!
You headbutt the deep troll!
The deep troll is almost dead.
The deep troll bites you. The deep troll claws you! x2
* * * LOW HITPOINT WARNING * * *
An ogre comes into view. It is wielding a +0 giant club.
You closely miss the deep troll.
The deep troll is almost dead.
The ogre shouts!
You block the deep troll's attack. The deep troll completely misses you.
The deep troll barely misses you.
You hit the deep troll but do no damage.
The deep troll looks as sick as possible!
The deep troll is almost dead.
You barely miss the deep troll. Your headbutt misses the deep troll.
The deep troll is almost dead.
You block the deep troll's attack.
The deep troll claws you but does no damage.
The deep troll claws you.
* * * LOW HITPOINT WARNING * * *
You barely miss the deep troll.
The deep troll is almost dead.
The deep troll bites you.
* * * LOW HITPOINT WARNING * * *
The deep troll claws you but does no damage.
The deep troll claws you!
* * * LOW HITPOINT WARNING * * *
Okay, then.
A cyclops comes into view.
The cyclops shouts!
You kill the deep troll!
Trog accepts your kill.
The troll leather armour is intact enough to wear.
Your Throwing skill increases to level 5!
The ogre closely misses you.
The cyclops throws a large rock.
You block the large rock.
The cyclops throws a large rock.
The large rock hits you but does no damage.
The cyclops hits you!!
You die...

..........#...........###
#.......................###
#...##..#######........... ..
#..#..O.8...<_#...............
........#######....#...# ......
.......................##......
###.#....................#$#...
####..........................
#####.........@O.$.........#..
##.#............C...[..........
##..)..............#......#..#..
#..)<........#......#.........#
.....................#.#.##..##
.<..................#..[## ##
#.........)...#....).#.##
##........)...........#.##
#........................#


You could see a cyclops and an ogre.

Vanquished Creatures
  Erolcha (D:10)
  An ogre mage (Orc:2)
  7 two-headed ogres
  2 deep trolls
  Pikel (D:7)
  A manticore (D:11)
  A cyclops (Orc:1)
  An unseen horror (D:11)
  A kobold demonologist (D:12)
  7 trolls
  3 hornets
  Grinder (D:3)
  6 slime creatures (D:12)
  3 yaks (D:6)
  A basilisk (D:10)
  A steam dragon (D:6)
  A wraith (D:12)
  8 vampire mosquitoes
  A warg (D:11)
  3 water moccasins (D:7)
  Duvessa (D:7)
  An acid dragon (D:10)
  8 orc warriors
  A sky beast (D:7)
  2 black bears
  2 ice beasts (D:7)
  2 necrophages
  14 ogres
  A centaur (D:10)
  Blork the orc (D:6)
  A kobold brigand (D:5)
  4 bullfrogs
  2 scorpions
  A wyvern zombie (D:9)
  Dowan (D:7)
  3 water moccasin skeletons
  5 killer bees (D:9)
  5 wights (D:9)
  3 howler monkeys (D:11)
  6 centaur zombies
  2 bullfrog skeletons (D:5)
  A gnoll shaman (D:9)
  12 orc priests
  2 centaur skeletons (D:7)
  3 hounds
  2 jellies (D:6)
  An iguana (D:7)
  14 orc wizards
  A hound skeleton (D:5)
  A howler monkey zombie (D:8)
  4 mummies (Ossuary)
  Robin (D:2)
  7 gnolls
  2 adders
  2 white imps
  2 worms (D:2)
  2 dart slugs
  29 orcs
  3 bats (D:3)
  4 endoplasms
  3 giant cockroaches
  A gnoll zombie (Ossuary)
  8 goblins
  14 hobgoblins
  7 jackals
  A quokka (D:5)
  4 ball pythons
  A frilled lizard (D:3)
  A goblin zombie (Ossuary)
  3 hobgoblin zombies (Ossuary)
  6 kobolds
  A kobold zombie (Ossuary)
  An orc zombie (Ossuary)
  4 rats
265 creatures vanquished.

Vanquished Creatures (others)
  7 plants (D:1)
7 creatures vanquished.

Grand Total: 272 creatures vanquished

Notes
Turn   | Place    | Note
-------+----------+-------------------------------------------
     0 | D:1      | Kranky the Minotaur Berserker began the quest for the Orb.
     0 | D:1      | Reached XP level 1. HP: 19/19 MP: 0/0
   195 | D:1      | Reached skill level 4 in Fighting
   350 | D:1      | Reached XP level 2. HP: 27/27 MP: 1/1
   381 | D:1      | Found a faded altar of an unknown god.
   710 | D:2      | Found Kecruerchu's Magic Scroll Shop.
   984 | D:2      | Noticed Robin
  1001 | D:2      | Reached ** piety under Trog
  1002 | D:2      | Reached XP level 3. HP: 34/34 MP: 2/2
  1024 | D:2      | Killed Robin
  1395 | D:2      | Found a glowing silver altar of Zin.
  1395 | D:2      | Found the +7 Kryia's mail coat {PotionHeal*2 rC+}
  1533 | D:2      | Reached skill level 5 in Fighting
  1635 | D:3      | Reached XP level 4. HP: 37/42 MP: 3/3
  1718 | D:3      | Noticed Grinder
  1726 | D:3      | Paralysed by Grinder for 6 turns
  1749 | D:3      | Killed Grinder
  1750 | D:3      | Reached skill level 6 in Fighting
  1750 | D:3      | Reached XP level 5. HP: 37/50 MP: 4/4
  1750 | D:3      | Reached XP level 6. HP: 43/57 MP: 5/5
  2075 | D:3      | Found Elyirous's Antique Weapon Shoppe.
  2766 | D:4      | Reached skill level 5 in Armour
  3096 | D:4      | Found a sand-covered staircase.
  3108 | Ossuary  | Entered an ossuary
  3455 | D:4      | Reached skill level 7 in Fighting
  3793 | D:4      | Reached XP level 7. HP: 54/66 MP: 6/6
  3920 | D:5      | Entered Level 5 of the Dungeon
  4161 | D:5      | Reached skill level 1 in Shields
  4284 | D:5      | Reached *** piety under Trog
  4561 | D:5      | Reached skill level 8 in Fighting
  4606 | D:5      | Reached XP level 8. HP: 61/74 MP: 7/7
  5104 | D:5      | Found a radiant altar of Vehumet.
  5104 | D:5      | Found a glowing silver altar of Zin.
  5629 | D:6      | Noticed a hornet
  5642 | D:6      | Killed a hornet
  5643 | D:6      | Reached skill level 9 in Fighting
  5643 | D:6      | Reached skill level 5 in Dodging
  6289 | D:6      | Noticed a troll
  6316 | D:5      | Killed a troll
  6631 | D:6      | Reached skill level 1 in Short Blades
  6669 | D:6      | Reached skill level 10 in Fighting
  6669 | D:6      | Reached XP level 9. HP: 58/85 MP: 8/8
  7205 | D:6      | Noticed Blork the orc
  7218 | D:6      | Killed Blork the orc
  7543 | D:7      | Reached skill level 11 in Fighting
  7656 | D:7      | Reached skill level 5 in Shields
  7899 | D:7      | Reached skill level 5 in Short Blades
  7996 | D:7      | Found a staircase to the Ecumenical Temple.
  8108 | D:7      | Reached **** piety under Trog
  8119 | D:7      | Noticed Dowan
  8119 | D:7      | Noticed Duvessa
  8133 | D:7      | Killed Dowan
  8142 | D:7      | Killed Duvessa
  8560 | D:7      | Noticed Pikel
  8579 | D:7      | Killed Pikel
  8580 | D:7      | Reached XP level 10. HP: 78/96 MP: 9/9
  8743 | D:7      | Reached skill level 1 in Evocations
  9697 | D:8      | Found an iron altar of Okawaru.
  9702 | D:8      | Found a broken altar of Ashenzari.
  9711 | D:8      | Found a hazy altar of Hepliaklqana.
  9711 | D:8      | Found a bloodstained altar of Trog.
  9719 | D:8      | Found a white marble altar of Elyvilon.
  9910 | D:9      | Reached skill level 12 in Fighting
  9948 | D:9      | Reached ***** piety under Trog
 10297 | D:9      | Noticed a boulder beetle
 10297 | D:9      | Noticed a manticore
 10298 | D:9      | Noticed a two-headed ogre
 10298 | D:9      | Noticed KittyFluff's ghost (novice GrBe)
 10302 | D:9      | Noticed an ice statue
 10303 | D:9      | Noticed a two-headed ogre
 10310 | D:9      | Found a transporter.
 10332 | D:9      | Found a transporter.
 10339 | D:9      | Noticed an oklob plant
 10339 | D:9      | Noticed a deep elf pyromancer
 10370 | D:9      | Paralysed by a hornet for 2 turns
 11074 | D:10     | Entered Level 10 of the Dungeon
 11160 | D:10     | Found a staircase to the Lair.
 11186 | D:10     | Noticed a two-headed ogre
 11802 | D:10     | Killed a two-headed ogre
 12171 | D:10     | Reached skill level 13 in Fighting
 12287 | D:10     | Reached XP level 11. HP: 73/107 MP: 10/10
 12474 | D:10     | Found an ornate altar of the Wu Jian Council.
 12476 | D:10     | Found a glowing golden altar of the Shining One.
 12476 | D:10     | Found an opulent altar of Gozag.
 12477 | D:10     | Found a shimmering blue altar of Sif Muna.
 12487 | D:10     | Found an ancient bone altar of Kikubaaqudgha.
 12488 | D:10     | Found a shimmering altar of Xom.
 12622 | D:10     | Reached skill level 1 in Throwing
 12804 | D:10     | Noticed Erolcha
 12824 | D:10     | Killed Erolcha
 12825 | D:10     | Reached skill level 5 in Evocations
 13827 | D:11     | Noticed a two-headed ogre
 13860 | D:11     | Killed a two-headed ogre
 14162 | D:11     | Reached skill level 14 in Fighting
 14335 | D:11     | Found a staircase to the Orcish Mines.
 15485 | D:12     | Noticed a two-headed ogre
 15520 | D:12     | Killed a two-headed ogre
 15521 | D:12     | Reached skill level 15 in Fighting
 15799 | D:12     | Noticed a four-headed hydra
 15884 | Lair:1   | Entered Level 1 of the Lair of Beasts
 16007 | Orc:1    | Entered Level 1 of the Orcish Mines
 16244 | Orc:2    | Entered Level 2 of the Orcish Mines
 16297 | Orc:2    | Noticed a two-headed ogre
 16308 | Orc:2    | Noticed an ogre mage
 16312 | Orc:2    | Killed a two-headed ogre
 16320 | Orc:2    | Noticed a deep troll
 16327 | Orc:2    | Killed an ogre mage
 16342 | Orc:2    | Noticed a two-headed ogre
 16373 | Orc:1    | Killed a deep troll
 16374 | Orc:1    | Reached XP level 12. HP: 84/122 MP: 11/11
 16929 | Orc:2    | Killed a two-headed ogre
 16952 | Orc:2    | Noticed a two-headed ogre
 16958 | Orc:2    | Reached skill level 16 in Fighting
 16991 | Orc:1    | Killed a two-headed ogre
 17670 | Orc:2    | Noticed a two-headed ogre
 18043 | Orc:2    | Killed a two-headed ogre
 18067 | Orc:2    | Reached skill level 5 in Throwing
 18069 | Orc:2    | Slain by a cyclops

Illustrated notes

Levels and vault maps discovered:
D:1:      elethiomel_arrival_quiet, layout_rooms, ebering_ecumenical_altar_hall,
          serial_rivers, chequers_serial_rivers_micro_a,
          chequers_serial_rivers_micro_a, chequers_serial_rivers_micro_e,
          chequers_serial_rivers_room_a, dk_noncrumbling_4, serial_bayou_lake_a
D:2:      layout_rooms, serial_shops, shop, basic_altar, uniq_robin
D:3:      layout_loops_corners, serial_shops, nicolae_diamond_shop, uniq_grinder
D:4:      layout_basic, nicolae_ossuary_entry_plus
D:5:      layout_loops_ring, gammafunk_temple_overflow_wave
D:6:      layout_cave_pods, serial_co_window_serial, co_window_paths_a,
          co_window_corner_a, co_window_corner_a, co_window_corner_a,
          co_window_paths_a, co_window_2corner, co_window_of_opportunity_c,
          co_window_corner_b, co_window_2corner, co_window_2corner,
          co_window_4corner_b, minmay_manual_mess, uniq_blork_the_orc
D:7:      layout_loops_corners, minmay_temple_entry_sparse_star, st_stairs_10,
          uniq_pikel, uniq_duvessa
D:8:      layout_cave_pools, nicolae_overflow_hallway_of_the_gods
D:9:      layout_basic, nzn_ghost_randoct
D:10:     layout_loops_corners, grunt_temple_overflow_open, lair_entry_dummy,
          uniq_erolcha
D:11:     layout_basic, david_orc_3
D:12:     layout_cross
Lair:1:   layout_chaotic_city, uniq_grum
Orc:1:    layout_diamond_mine, uniq_nergalle
Orc:2:    st_orc_open, layout_caves, basic_altar, lemuel_statue_altar

Skill      XL: |  1  2  3  4  5  6  7  8  9 10 11 12 |
---------------+-------------------------------------+-----
Fighting       | 4 5 6 7 8 10 11 13 15 16 | 16.7
Armour         | 3 4 6 7 8 |  8.0
Dodging        | 3 4 6 |  6.0
Shields        | 1 3 5 8 |  8.0
Short Blades   | 1 6 |  6.6
Evocations     | 4 6 7 |  7.1
Throwing       | 3 5 |  5.0
Polearms       | |  3.6

Action                   |  1- 3 |  4- 6 |  7- 9 | 10-12 || total
-------------------------+-------+-------+-------+-------++-------
Melee: Spear             |   123 |   129 |   170 |       ||   422
       Headbutt          |    15 |    20 |    74 |   192 ||   301
       Punch             |       |     1 |       |       ||     1
       Dagger            |       |       |   206 |   674 ||   880
       Short sword       |       |       |       |    65 ||    65
Throw: Dart              |       |       |       |    30 ||    30
Invok: Berserk           |       |     1 |       |     1 ||     2
       Trog's Hand       |       |       |       |     2 ||     2
Armor: Ring mail         |     8 |       |       |       ||     8
       Scale mail        |     5 |    38 |   170 |   364 ||   577
Dodge: Dodged            |    34 |    32 |   161 |   313 ||   540
Block: Buckler           |       |     6 |    50 |   186 ||   242
